 Dungeon Crawl Stone Soup version 0.31.0-12-g77e489cdc1 (webtiles) character file.

Game seed: 3360675284741552258

4235 wildpjah the Carver (level 10, 0/77 HPs)
             Began as a Demonspawn Gladiator on Feb 26, 2024.
             Was a Follower of Vehumet.
             Slain by a two-headed ogre
             ... wielding a +0 giant club
              (16 damage)
             ... on level 9 of the Dungeon on Feb 27, 2024.
             The game lasted 00:38:47 (9599 turns).

wildpjah the Carver (Demonspawn Gladiator)          Turns: 9599, Time: 00:38:49

Health: 0/77       AC:  8    Str: 14    XL:     10   Next: 9%
Magic:  8/14       EV: 13    Int:  9    God:    Vehumet [*.....]
Gold:   534        SH:  0    Dex: 19    Spells: 13/14 levels left

rFire   . . .        a - +0 long sword
rCold   . . .        (no shield)
rNeg    . . .        p - +0 ring mail
rPois   .            c - +0 helmet
rElec   .            (no cloak)
rCorr   .            (no gloves)
SInv    .            O - +0 pair of boots
Will    .....        (no amulet)
Stlth   +            (no ring)
HPRegen 0.32/turn    (no ring)
MPRegen 0.14/turn

%: no passive effects
@: no status effects
A: demonic guardian 1, powered by death 2
a: Renounce Religion


You were on level 9 of the Dungeon.
You worshipped Vehumet.
Vehumet was aware of your devotion.
You visited 2 branches of the dungeon, and saw 10 of its levels.

You collected 534 gold pieces.

Inventory:

Hand Weapons
 a - a +0 long sword (weapon)
 d - a +0 falchion
 k - a +0 dagger
 x - a +3 dagger of venom
 y - a +0 scimitar
 E - a +0 antimagic flail
Missiles
 e - 2 javelins
 l - 29 poisoned darts
 n - 8 boomerangs
 t - 44 stones
 z - 8 curare-tipped darts (quivered)
 K - 3 atropa-tipped darts
Armour
 b - a +0 leather armour
 c - a +0 helmet (worn)
 p - a +0 ring mail (worn)
 O - a +0 pair of boots (worn)
Jewellery
 i - a ring of willpower
 m - a ring of protection from fire
Wands
 F - a wand of flame (16)
 H - a wand of charming (16)
 L - a wand of roots (2)
 M - a wand of digging (4)
Scrolls
 f - a scroll of amnesia {unknown}
 h - 4 scrolls of teleportation
 j - a scroll of fear {unknown}
 o - a scroll of enchant armour {unknown}
 u - a scroll of fog {unknown}
 w - 3 scrolls of vulnerability {unknown}
 B - 3 scrolls of poison {unknown}
 I - a scroll of revelation {unknown}
Potions
 g - 2 potions of degeneration
 q - 4 potions of curing
 r - 2 potions of brilliance
 s - 2 potions of haste
 v - 2 potions of berserk rage {unknown}
 A - 2 potions of lignification {unknown}
 C - 4 potions of heal wounds {unknown}
 D - a potion of might
 G - 3 potions of enlightenment {unknown}
 J - a potion of invisibility {unknown}
 N - a potion of mutation {unknown}


   Skills:
 + Level 6.8 Fighting
 + Level 2.2(5.5) Short Blades
 + Level 8.0(8.2) Long Blades
 - Level 2.5 Throwing
 + Level 5.5 Armour
 + Level 4.6 Dodging
 - Level 1.1 Stealth
 * Level 2.9 Spellcasting
 * Level 2.8 Conjurations
 * Level 2.8 Fire Magic
 + Level 0.9 Evocations


You had 13 spell levels left.
You knew the following spells:

 Your Spells              Type           Power      Damage    Failure   Level
a - Foxfire               Conj/Fire      24%        2x1d5     19%         1

Your spell library contained the following spells:

 Spells                   Type           Power      Damage    Failure   Level
 Freeze                   Ice            4%         1d3       52%         1
 Static Discharge         Conj/Air       6%         3-4/arc   43%         2
 Ensorcelled Hibernation  Hex/Ice        2%         N/A       65%         2
 Mercury Vapours          Alch/Air       2%         N/A       65%         2
 Sublimation of Blood     Necr           1%         N/A       65%         2
 Mephitic Cloud           Conj/Alch/Air  3%         N/A       75%         3
 Passwall                 Erth           1%         N/A       87%         3
 Swiftness                Air            1%         N/A       87%         3
 Airstrike                Air            0%         2d(1-17)  99%         4
 Petrify                  Alch/Erth      1%         N/A       99%         4
 Summon Lightning Spire   Summ/Air       1%         N/A       99%         4
 Freezing Cloud           Conj/Ice/Air   1%         6-21      100%        5
 Irradiate                Conj/Alch      1%         3d12      100%        5
 Summon Forest            Summ/Tloc      0%         N/A       100%        5
 Summon Mana Viper        Hex/Summ       1%         N/A       100%        5
 Plasma Beam              Fire/Air       1%         2x1d11    100%        6
 Starburst                Conj/Fire      3%         6d3       100%        6
 Summon Cactus Giant      Summ           0%         N/A       100%        6


Dungeon Overview and Level Annotations

Branches:
Dungeon (9/15)             Temple (1/1) D:6             Orc (0/2) D:9
   Lair: D:8-11

Altars:
Ashenzari
Cheibriados
Dithmenos
Fedhas
Gozag
Hepliaklqana
Kikubaaqudgha
Makhleb
Nemelex Xobeh
Okawaru
Qazlal
Ru
Trog
Uskayaw
Vehumet
Wu Jian
Xom


Innate Abilities, Weirdness & Mutations

A weak demonic guardian rushes to your aid.
You regenerate health from kills.


Message History

The two-headed ogre is moderately wounded.
Your foxfire dissipates!
Unknown command.
You conjure some foxfire!
The foxfire hits the two-headed ogre but does no damage.
The two-headed ogre is moderately wounded.
Unknown command.
Number of times to repeat, then command key: You must enter the number of times for the command to repeat.
You slash the two-headed ogre!
The two-headed ogre is heavily wounded.
The foxfire hits the two-headed ogre.
The two-headed ogre is heavily wounded.
The foxfire hits the two-headed ogre.
The two-headed ogre is heavily wounded.
The foxfire hits the two-headed ogre.
The two-headed ogre is severely wounded.
The two-headed ogre hits you with a +0 giant club! x2
You hit the two-headed ogre but do no damage.
The two-headed ogre is severely wounded.
The two-headed ogre hits you with a +0 giant club!! x2
* * * LOW HITPOINT WARNING * * *
A demonic guardian appears!
Throw: 10 darts (curare)
Press: ? - help, Q - select action, (/) - cycle Shift-Dir - straight line, f - two-headed ogre
Aim: a two-headed ogre, wielding two +0 giant clubs (severely wounded, ally target, 77% to hit)
You throw a curare-tipped dart.
The curare-tipped dart closely misses the two-headed ogre.
Throw: 9 darts (curare)
Press: ? - help, Q - select action, (/) - cycle Shift-Dir - straight line, f/p - two-headed ogre
Aim: a two-headed ogre, wielding two +0 giant clubs (severely wounded, ally target, 77% to hit)
You throw a curare-tipped dart.
The curare-tipped dart hits the two-headed ogre.
The two-headed ogre is poisoned.
The two-headed ogre struggles to breathe.
The two-headed ogre seems to slow down.
The two-headed ogre is severely wounded.
The two-headed ogre closely misses you.
The two-headed ogre hits you with a +0 giant club!
You die...

#......# #######...
##......# ########..
#.......# #......#..
###.....##
#......#.. #.......#
#.....#..# #.......#
#....##..# ###...###
#...###|)# #.5.#
#..####.## #.@O#
#### #..# ##....#
###..## .........
#####...
...............###.
.........####.....##
..........# #......#
#..........#
#.#.####
#..........#
#...#... #...+._.


You could see a two-headed ogre (very poisoned, slow, ally target) and a
friendly iron imp (summoned).

Vanquished Creatures
  A two-headed ogre (D:6)
  2 steam dragons
  2 vampire mosquitoes (D:8)
  2 water moccasins
  2 orc warriors
  2 ice beasts
  A black bear (D:5)
  2 ogres
  A centaur (D:9)
  3 phantoms
  2 kobold brigands
  3 bullfrogs
  A gnoll sergeant (D:7)
  A scorpion (D:5)
  4 wights (D:8)
  A howler monkey (D:9)
  7 orc priests
  A jelly (D:4)
  3 hounds
  5 iguanas
  5 orc wizards
  11 gnolls
  3 adders (D:4)
  5 white imps
  2 ufetubi (D:6)
  2 ribbon worms
  3 dart slugs
  28 orcs
  7 endoplasms
  A giant cockroach (D:4)
  3 goblins
  8 hobgoblins
  5 jackals
  14 kobolds
  4 quokkas
  6 ball pythons
  2 bats
  2 frilled lizards
  A rat (D:2)
158 creatures vanquished.

Vanquished Creatures (collateral kills)
  2 centaurs
  A kobold brigand (D:8)
  A bullfrog (D:6)
  A gnoll sergeant (D:7)
  An iguana (D:6)
  An orc wizard (D:7)
  3 gnolls (D:7)
  An orc (D:4)
  4 kobolds (D:8)
15 creatures vanquished.

Vanquished Creatures (others)
  An adder (D:6)
  61 foxfires
62 creatures vanquished.

Grand Total: 235 creatures vanquished

Notes
Turn   | Place    | Note
-------+----------+-------------------------------------------
     0 | D:1      | wildpjah the Demonspawn Gladiator began the quest for the
                  | Orb.
     0 | D:1      | Reached XP level 1. HP: 16/16 MP: 1/1
   412 | D:1      | Gained mutation: A weak demonic guardian rushes to your
                  | aid. [demonic ancestry]
   412 | D:1      | Reached XP level 2. HP: 19/22 MP: 2/2
   926 | D:2      | Reached skill level 3 in Long Blades
  1499 | D:3      | Reached XP level 3. HP: 23/27 MP: 3/3
  1520 | D:3      | Found a faded altar of an unknown god.
  1561 | D:3      | Reached skill level 1 in Armour
  1692 | D:3      | Noticed a phantom
  1704 | D:3      | Killed a phantom
  1705 | D:3      | Reached skill level 4 in Long Blades
  1705 | D:3      | Gained mutation: You regenerate a little health from kills.
                  | [demonic ancestry]
  1705 | D:3      | Reached XP level 4. HP: 25/34 MP: 4/4
  2002 | D:3      | Found a sacrificial altar of Ru.
  2018 | D:3      | Found a blossoming altar of Fedhas.
  2300 | D:4      | Reached XP level 5. HP: 39/39 MP: 5/5
  2502 | D:4      | Found a shimmering altar of Xom.
  2883 | D:4      | Reached skill level 5 in Long Blades
  2883 | D:4      | Reached XP level 6. HP: 26/46 MP: 6/6
  3321 | D:5      | Entered Level 5 of the Dungeon
  3556 | D:5      | Reached XP level 7. HP: 52/52 MP: 7/7
  3871 | D:5      | Reached skill level 1 in Short Blades
  4064 | D:5      | Reached skill level 6 in Long Blades
  4132 | D:5      | You fall into a shaft and drop 2 floors!
  4145 | D:7      | Reached XP level 8. HP: 50/60 MP: 8/8
  4394 | D:7      | Found a radiant altar of Vehumet.
  4509 | D:7      | Found an iron altar of Okawaru.
  4663 | D:7      | Became a worshipper of Vehumet
  4685 | D:7      | Reached skill level 5 in Fighting
  5051 | D:6      | Found a staircase to the Ecumenical Temple.
  5067 | Temple   | Entered the Ecumenical Temple
  5314 | D:6      | Reached skill level 1 in Stealth
  5399 | D:6      | Found a snail-covered altar of Cheibriados.
  5607 | D:6      | Reached skill level 7 in Long Blades
  6159 | D:6      | Noticed a skeletal warrior
  6169 | D:6      | Reached XP level 9. HP: 64/69 MP: 9/9
  6178 | D:6      | Noticed a two-headed ogre
  6183 | D:6      | HP: 2/69 [skeletal warrior/+0 halberd (5)]
  6464 | D:6      | Learned a level 1 spell: Foxfire
  6712 | D:6      | Killed a two-headed ogre
  6713 | D:6      | Reached skill level 5 in Armour
  6713 | D:6      | Reached skill level 1 in Spellcasting
  6713 | D:6      | Reached skill level 1 in Conjurations
  6713 | D:6      | Reached skill level 1 in Fire Magic
  7229 | D:8      | Found an opulent altar of Gozag.
  7523 | D:8      | Found an ancient bone altar of Kikubaaqudgha.
  7982 | D:8      | Reached * piety under Vehumet
  7982 | D:8      | Offered knowledge of Freeze by Vehumet.
  8249 | D:8      | Found a stormy altar of Qazlal.
  8273 | D:9      | Found a staircase to the Orcish Mines.
  8643 | D:9      | Gained mutation: You regenerate health from kills. [demonic
                  | ancestry]
  8643 | D:9      | Reached XP level 10. HP: 39/77 MP: 14/14
  8823 | D:9      | Found a broken altar of Ashenzari.
  8965 | D:9      | Reached skill level 8 in Long Blades
  9588 | D:9      | Noticed a two-headed ogre
  9599 | D:9      | Slain by a two-headed ogre

Illustrated notes

Levels and vault maps discovered:
D:1:      saegor_arrival_simple_d, layout_loops_ring
D:2:      layout_loops_ring, minivault_19, hex_tiny, serial_park_tiny_2,
          hangedman_decor_push
D:3:      layout_basic, nicolae_ru_the_path_less_chosen, fedhas_altar_2,
          hellmonk_ecumenical_altar_heavens_door
D:4:      layout_gridville, zin_statuary, general_overflow_altar
D:5:      layout_rooms
D:6:      kennysheep_big_flooded_room, layout_cave_pods,
          cheibrodos_worm_habitat, minmay_temple_entry_junction
D:7:      nicolae_cairo_tiling_large, layout_rooms,
          nicolae_overflow_crystal_walls, mainiacjoe_overflow_large_starburst,
          enter_bailey_2
D:8:      layout_rooms, mainiacjoe_overflow_alcove_4, marbit_many_paths,
          grunt_gozag_statues
D:9:      layout_cave_pods, nicolae_ashenzari_skybound,
          minmay_orc_entry_temple_small
Temple:   hellmonk_temple_two_chambers

Skill      XL: |  1  2  3  4  5  6  7  8  9 10 |
---------------+-------------------------------+-----
Long Blades    | 3 4 5 6 7 8 |  8.0
Throwing       | 2 |  2.5
Dodging        | 3 4 |  4.6
Armour         | 1 2 3 4 5 |  5.5
Fighting       | 3 4 5 6 |  6.8
Short Blades   | 1 2 |  2.2
Stealth        | 1 |  1.1
Spellcasting   | 2 |  2.9
Conjurations   | 2 |  2.8
Fire Magic     | 2 |  2.8
Evocations     | |  0.9

Action                     |  1- 3 |  4- 6 |  7- 9 | 10-12 || total
---------------------------+-------+-------+-------+-------++-------
  Melee: Long sword        |    88 |    80 |   292 |    47 ||   507
         Punch             |     1 |     1 |     4 |     1 ||     7
         Dagger            |       |    49 |    80 |       ||   129
         Scimitar          |       |    14 |       |       ||    14
  Throw: Throwing net      |     3 |       |     4 |       ||     7
         Javelin           |       |     6 |     5 |       ||    11
         Dart              |       |     5 |     2 |     2 ||     9
   Cast: Foxfire           |       |       |    20 |    15 ||    35
  Evoke: Wand              |       |       |     9 |       ||     9
    Use: Scroll            |       |       |     5 |       ||     5
         Potion            |       |       |     2 |       ||     2
   Stab: Distracted        |       |       |     1 |       ||     1
 Armour: Leather armour    |    20 |       |       |       ||    20
         Ring mail         |    27 |    89 |   273 |    45 ||   434
  Dodge: Dodged            |    66 |    77 |   233 |    38 ||   414
